 Dungeon Crawl Stone Soup version 0.26-a0-602-gd42a14c23b (webtiles) character file.

Game seed: 16078548928938996431

847 ANON1729 the Skirmisher (level 8, -3/87 HPs)
             Began as an Ogre Chaos Knight on Aug 31, 2020.
             Slain by a chaos spawn (11 damage)
             ... summoned by Xom
             ... on level 5 of the Dungeon.
             The game lasted 00:07:07 (4496 turns).

ANON1729 the Skirmisher (Ogre Chaos Knight)         Turns: 4496, Time: 00:07:07

Health: -3/87      AC:  5    Str: 21    XL:     8   Next: 1%
Magic:  8/8        EV: 11    Int: 13    God:
Gold:   167        SH:  0    Dex: 10    Spells: 7/7 levels left

rFire    + . .     SeeInvis .   a - +0 mace (chaos)
rCold    . . .     Faith    .   (no shield)
rNeg     . . .     Spirit   .   y - +2 robe "Pasixom" {Str+2 Dex+4}
rPois    .         Reflect  .   (helmet restricted)
rElec    .         Harm     .   (no cloak)
rCorr    .         Rnd*Rage +   (gloves unavailable)
MR       +....     Rnd*Tele +   (boots unavailable)
Stlth    +.........             g - amulet of inaccuracy (curse)
HPRegen  0.24/turn              e - +4 ring of slaying
MPRegen  0.11/turn              h - ring of protection from fire

@: lethally poisoned (-3 -> -29)
A: large, unfitting armour, berserk 1, blurry vision 1, clumsy 1, magic
resistance 1, teleportitis 1, tough skin 1
a: no special abilities


You were on level 5 of the Dungeon.
You visited 1 branch of the dungeon, and saw 5 of its levels.

You collected 167 gold pieces.

Inventory:

Hand Weapons
 a - a +0 mace of chaos (weapon)
 x - the +9 hunting sling of Accord {vorpal, Str+4 Int+6}
   (You found it on level 4 of the Dungeon)

   Any stone fired from it inflicts extra damage.
   It affects your strength (+4).
   It affects your intelligence (+6).
Missiles
 k - 2 silver javelins (quivered)
Armour
 y - the +2 robe "Pasixom" (worn) {Str+2 Dex+4}
   (You found it on level 4 of the Dungeon)

   It affects your strength (+2).
   It affects your dexterity (+4).
Jewellery
 e - a +4 ring of slaying (left hand)
 g - a cursed amulet of inaccuracy (around neck)
 h - a ring of protection from fire (right hand)
Wands
 p - a wand of paralysis (6)
 s - a wand of acid (5)
 v - a wand of random effects (11)
Scrolls
 b - a scroll of enchant armour
 c - 4 scrolls of noise
 f - a scroll of fear
 i - a scroll of blinking
 n - a scroll of immolation {unknown}
 r - 2 scrolls of remove curse
 u - a scroll of amnesia {unknown}
Potions
 d - a potion of heal wounds {unknown}
 j - 2 potions of curing
 m - a potion of lignification {unknown}
 o - 2 potions of stabbing
 q - a potion of degeneration {unknown}
 t - 2 potions of cancellation


   Skills:
 + Level 7.2 Fighting
 + Level 4.9 Maces & Flails
 + Level 2.7 Armour
 + Level 4.6 Dodging


You had 7 spell levels left.
You didn't know any spells.
Your spell library was empty.

Dungeon Overview and Level Annotations

Branches:
Dungeon (5/15)
 Temple: D:4-7

Altars:
Kikubaaqudgha
Ru
Yredelemnul


Innate Abilities, Weirdness & Mutations

You are too large for most types of armour.
You have tough skin. (AC +1)
You tend to lose your temper in combat.
Scrolls take you a little longer to read.
You are clumsy. (Dex -2)
You are resistant to hostile enchantments. (MR+)
You are occasionally teleported next to monsters.


Message History

Unknown command.
Unknown command.
Okay, then.
Okay, then.
You closely miss the iron imp.
The chaos spawn hits you but does no damage.
The chaos spawn hits you! The chaos spawn freezes you! The iron imp hits you!
The iron imp hits you.
You completely miss the chaos spawn. The chaos spawn gores you!
You are poisoned.
The chaos spawn poisons you! The chaos spawn gores you!
* * * LOW HITPOINT WARNING * * *
You are lethally poisoned!
The chaos spawn poisons you! The iron imp hits you!
* * * LOW HITPOINT WARNING * * *
The iron imp barely misses you.
Really read with blurry vision while enemies are nearby?
* * * LOW HITPOINT WARNING * * *
You feel sick. The chaos spawn closely misses you. The chaos spawn hits you!
You die...

* , * , , .. ..., .## ....
...# #... #...# #..# *
#...### #5.# #...5##55#*
## #..44@5###### ** ,...
##.54####...### ....
##^53........# .....#
#.#.........# ,
........###.##........#
#...........#..##........#
#.............#####....###
.........>...# ######
#............#


You could see 3 chaos spawn, 2 iron imps, a quasit (summoned), 2 white imps, a
shadow imp (summoned) and an ufetubus (summoned).

Vanquished Creatures
  A steam dragon (D:4)
  Menkaure (D:4)
  A porcupine (D:3)
  An ogre (D:4)
  A hound (D:4)
  2 orc wizards
  A bullfrog skeleton (D:4)
  2 worker ants
  7 gnolls
  8 adders
  3 worms
  2 dart slugs (D:1)
  4 leopard geckos
  13 orcs
  5 goblins
  11 hobgoblins
  3 jackals (D:3)
  6 kobolds
  3 quokkas
  11 bats
  5 frilled lizards
  A quokka skeleton (D:4)
  A quokka zombie (D:5)
  7 rats
100 creatures vanquished.

Vanquished Creatures (others)
  A withered plant (D:2)
1 creature vanquished.

Grand Total: 101 creatures vanquished

Notes
Turn   | Place    | Note
-------+----------+-------------------------------------------
     0 | D:1      | ANON1729 the Ogre Chaos Knight began the quest for the Orb.
     0 | D:1      | Reached XP level 1. HP: 24/24 MP: 1/1
     6 | D:1      | Fell from the grace of Xom
    32 | D:1      | XOM: 1-stop teleportation journey
   132 | D:1      | Reached XP level 2. HP: 32/32 MP: 2/2
   468 | D:1      | Reached XP level 3. HP: 40/40 MP: 3/3
   739 | D:2      | Found a basalt altar of Yredelemnul.
   858 | D:2      | Reached XP level 4. HP: 39/49 MP: 4/4
   863 | D:2      | Reached skill level 5 in Fighting
  1202 | D:2      | Found a sacrificial altar of Ru.
  1285 | D:3      | Reached XP level 5. HP: 57/57 MP: 5/5
  1689 | D:3      | Noticed Ijyb
  1691 | D:3      | Paralysed by Ijyb for 3 turns
  1699 | D:3      | Noticed Ijyb
  1699 | D:3      | Ijyb changed into Ijyb the porcupine
  1700 | D:3      | Killed Ijyb the porcupine
  1700 | D:3      | Reached skill level 1 in Armour
  1700 | D:3      | Reached XP level 6. HP: 55/67 MP: 6/6
  2058 | D:3      | XOM: god gift: wand of acid (8)
  2135 | D:4      | Reached skill level 6 in Fighting
  2165 | D:4      | Noticed Menkaure
  2169 | D:4      | Killed Menkaure
  2186 | D:4      | Noticed a steam dragon
  2186 | D:4      | an orc priest changed into a steam dragon
  2186 | D:4      | XOM: polymorph orc priest -> steam dragon
  2197 | D:4      | Killed a steam dragon
  2197 | D:4      | Reached XP level 7. HP: 13/76 MP: 7/7
  2686 | D:4      | Found Quonk's Antique Weapon Shop.
  2902 | D:4      | Reached skill level 7 in Fighting
  2934 | D:4      | Got a pitted hunting sling
  2935 | D:4      | Identified the +9 hunting sling of Accord {vorpal, Str+4
                  | Int+6} (You found it on level 4 of the Dungeon)
  3137 | D:4      | XOM: give mutations
  3137 | D:4      | Gained mutation: You are dopey. (Int -2) [Xom's mischief]
  3137 | D:4      | Gained mutation: You passively map a small area around you.
                  | [Xom's mischief]
  3137 | D:4      | Gained mutation: You are occasionally teleported next to
                  | monsters. [Xom's mischief]
  3156 | D:4      | Got a ripped robe
  3167 | D:4      | Identified the +2 robe "Pasixom" {Str+2 Dex+4} (You found
                  | it on level 4 of the Dungeon)
  3598 | D:4      | Found an ancient bone altar of Kikubaaqudgha.
  3768 | D:5      | Entered Level 5 of the Dungeon
  4341 | D:5      | Lost mutation: You are dopey. (Int -2) [potion of mutation]
  4341 | D:5      | Lost mutation: You passively map a small area around you.
                  | [potion of mutation]
  4341 | D:5      | Gained mutation: You are clumsy. (Dex -2) [potion of
                  | mutation]
  4341 | D:5      | Gained mutation: Scrolls take you a little longer to read.
                  | [potion of mutation]
  4341 | D:5      | Gained mutation: You tend to lose your temper in combat.
                  | [potion of mutation]
  4341 | D:5      | Gained mutation: You are resistant to hostile enchantments.
                  | (MR+) [potion of mutation]
  4367 | D:5      | Reached XP level 8. HP: 83/87 MP: 8/8
  4490 | D:5      | XOM: summons 11 hostile demons
  4496 | D:5      | Slain by a chaos spawn

Illustrated notes

Levels and vault maps discovered:
D:1:      dpeg_arrival_more_subterranean_lakeside_camping, layout_basic,
          serial_rivers, chequers_serial_rivers_micro_c,
          chequers_serial_rivers_marsh, chequers_serial_rivers_small_3,
          chequers_serial_rivers_room_b, chequers_serial_rivers_small_3,
          minmay_misc_feat_doors
D:2:      layout_basic, lemuel_coloured_pillars_altar, yredelemnul_altar_generic
D:3:      layout_loops_ring, hangedman_decor_growths, uniq_ijyb
D:4:      cheibrodos_pilgrimage, layout_basic, overflow_temple_1_default,
          serial_curves, eino_curves_04, eino_curves_02, eino_curves_03,
          serial_shops, shop, uniq_menkaure
D:5:      layout_cave_pods, minmay_temple_entry_statues

Skill      XL: |  1  2  3  4  5  6  7 |
---------------+----------------------+-----
Maces & Flails | 3 4 |  4.9
Fighting       | 5 6 7 |  7.2
Dodging        | 3 4 |  4.6
Armour         | 1 2 |  2.7

Action                   |  1- 3 |  4- 6 |  7- 9 || total
-------------------------+-------+-------+-------++-------
Melee: Mace              |    75 |   126 |    68 ||   269
Throw: Javelin           |       |       |     3 ||     3
Invok: Renounce Religion |     1 |       |       ||     1
Evoke: Wand              |       |     1 |     2 ||     3
  Use: Scroll            |       |     6 |     2 ||     8
       Potion            |       |     2 |     5 ||     7
 Stab: Paralysed         |     3 |     1 |       ||     4
Armor: Robe              |    36 |    69 |    17 ||   122
Dodge: Dodged            |    51 |    87 |    29 ||   167

Table legend: (Time is in decaauts)
 A = Elapsed time spent in this place.
 B = Non-inter-level travel time spent in this place.
 C = Inter-level travel time spent in this place.
 D = Time resting spent in this place.
 E = Time spent auto-exploring this place.
 F = Levels seen in this place.
 G = Mean time per level.
                   A        B        C        D        E       F      G
               +--------+--------+--------+--------+--------+-----+--------+
         Total |   4573 |   4407 |    166 |   1096 |   2483 |   5 |  914.6 |
       Dungeon |   4573 |   4407 |    166 |   1096 |   2483 |   5 |  914.6 |
               +--------+--------+--------+--------+--------+-----+--------+

Top non-repeatable levels by time:
     D:4: 1645 daAuts
     D:3: 1102 daAuts
     D:1: 700 daAuts
     D:2: 596 daAuts
     D:5: 529 daAuts
